 Dungeon Crawl Stone Soup version 0.31-b1-17-gcfd88c8481 (webtiles) character file.

Game seed: 2349826859391045662

385 Curundu the Cleaver (level 6, -1/51 HPs)
             Began as a Minotaur Berserker on Jan 15, 2024.
             Was a Believer of Trog.
             Splashed by a jelly's acid (10 damage)
             ... on level 3 of the Dungeon.
             The game lasted 00:07:15 (1885 turns).

Curundu the Cleaver (Minotaur Berserker)            Turns: 1885, Time: 00:07:18

Health: -1/51      AC: -2    Str: 24    XL:     6   Next: 48%
Magic:  5/5        EV: 10    Int:  4    God:    Trog [**....]
Gold:   183        SH:  0    Dex:  9    Spells: 5/5 levels left

rFire   . . .        a - +1 hand axe
rCold   . . .        (no shield)
rNeg    . . .        d - +1 scale mail
rPois   .            m - +1 hat
rElec   .            (no cloak)
rCorr   .            h - +0 pair of gloves
SInv    .            (no boots)
Will    .....        (no amulet) Stlth
                     c - +4 ring of slaying
HPRegen 0.28/turn    (no ring)
MPRegen 0.09/turn

%: no passive effects
@: corroded
A: horns 2, retaliatory headbutt
a: Renounce Religion, Berserk, Trog's Hand


You were on level 3 of the Dungeon.
You worshipped Trog.
Trog was pleased with you.
You visited 1 branch of the dungeon, and saw 3 of its levels.

You collected 183 gold pieces.

Inventory:

Hand Weapons
 a - a +1 hand axe (weapon)
Armour
 d - a +1 scale mail (worn)
 h - a +0 pair of gloves (worn)
 m - a +1 hat (worn)
Jewellery
 c - a +4 ring of slaying (left hand)
 e - a ring of resist corrosion
 j - a ring of poison resistance
 k - a ring of protection from cold
Scrolls
 o - a scroll of vulnerability {unknown}
 p - a scroll of fog
 r - a scroll of identify
 s - a scroll of enchant weapon
Potions
 b - 3 potions of brilliance {unknown}
 f - 2 potions of curing
 g - 2 potions of attraction {unknown}
 i - a potion of might {unknown}
 l - a potion of cancellation {unknown}
 n - a potion of mutation {unknown}
 q - a potion of heal wounds {unknown}


   Skills:
 - Level 3.6 Fighting
 + Level 8.9 Axes
 - Level 2.4 Armour
 - Level 2.1 Dodging


You had 5 spell levels left.
You didn't know any spells.
Your spell library was empty.

Dungeon Overview and Level Annotations

Branches:
Dungeon (3/15)

Altars:
Dithmenos
Fedhas
Nemelex Xobeh
Sif Muna
The Shining One


Innate Abilities, Weirdness & Mutations

You have a pair of horns on your head.
You reflexively headbutt those who attack you in melee.


Message History

You kill the jelly!
Trog accepts your kill.
A jelly comes into view.
You barely miss the endoplasm.
The jelly quivers.
You headbutt the endoplasm, but do no damage.
The endoplasm hits you.
You hit the endoplasm.
You kill the endoplasm!
Trog accepts your kill.
A jelly and 4 endoplasms come into view.
Found five items.
Found five altars.
The endoplasm quivers. x4
The endoplasm hits you but does no damage.
The endoplasm freezes you.
You are frozen.
There is an open door here.
You hit the endoplasm. You headbutt the endoplasm.
The endoplasm is severely wounded.
You hit the fungus but do no damage. You hit the endoplasm.
You kill the endoplasm!
Trog accepts your kill.
A nearby fungus withers and dies.
The endoplasm barely misses you. You furiously retaliate!
You headbutt the endoplasm!
You kill the endoplasm!
Trog accepts your kill.
You slash the endoplasm!
You kill the endoplasm!
Trog accepts your kill.
You hit the jelly.
Your hands burn!
* * * LOW HITPOINT WARNING * * *
The jelly is moderately wounded.
The jelly hits you but does no damage.
You hit the jelly. The acid corrodes you!
Your hands burn!
* * * LOW HITPOINT WARNING * * *
The jelly is heavily wounded.
The jelly hits you.
* * * LOW HITPOINT WARNING * * *
The acid corrodes you!
You are splashed with acid!
You die...

.........)..###.....##
♣♣♣.
#####....†..##)......#
♣♣ #.####..##.......#
####.##..>.##.......#
#........####.......#
##........# ####....#
.........[# ##..'....#
..........# #.########
...##.##### ##).@JJJ##
...##.# #######J#
......# ÷.._.P...#
...#### ....J_J..#
..†#### ÷P.÷J_.P.#
).....# ..J_.P...#
#.###.######
...P._.P.# #.#
#.#....# $P._..÷..#
#.# #.#.##.#
##########


You could see 2 jellies and 2 endoplasms.

Vanquished Creatures
  Sigmund (D:3)
  A jelly (D:3)
  Jessica (D:3)
  3 sleepcaps (D:3)
  3 adders
  2 dart slugs (D:3)
  An orc (D:3)
  6 ball pythons
  4 bats
  10 endoplasms
  2 giant cockroaches
  7 goblins
  3 hobgoblins
  2 quokkas
  3 frilled lizards
  11 kobolds
  6 rats
66 creatures vanquished.

Notes
Turn   | Place    | Note
-------+----------+-------------------------------------------
     0 | D:1      | Curundu the Minotaur Berserker began the quest for the Orb.
     0 | D:1      | Reached XP level 1. HP: 19/19 MP: 0/0
    98 | D:1      | Reached skill level 4 in Axes
   351 | D:1      | Reached XP level 2. HP: 26/26 MP: 1/1
   756 | D:2      | Identified the +2 war axe of Yvuamidd {spect, rN+}
   844 | D:2      | Reached skill level 5 in Axes
   977 | D:2      | Reached XP level 3. HP: 29/31 MP: 2/2
  1096 | D:2      | Reached ** piety under Trog
  1369 | D:3      | Noticed Jessica
  1373 | D:3      | Killed Jessica
  1431 | D:3      | Reached skill level 6 in Axes
  1431 | D:3      | Reached XP level 4. HP: 35/39 MP: 3/3
  1496 | D:3      | Noticed Sigmund
  1505 | D:3      | Killed Sigmund
  1506 | D:3      | Reached skill level 7 in Axes
  1506 | D:3      | Reached XP level 5. HP: 45/45 MP: 4/4
  1530 | D:3      | Reached skill level 8 in Axes
  1577 | D:3      | Reached XP level 6. HP: 51/51 MP: 5/5
  1875 | D:3      | Found a shadowy altar of Dithmenos.
  1875 | D:3      | Found a blossoming altar of Fedhas.
  1875 | D:3      | Found a glowing golden altar of the Shining One.
  1875 | D:3      | Found a shadowy altar of Dithmenos.
  1875 | D:3      | Found a sparkling altar of Nemelex Xobeh.
  1875 | D:3      | Found a shimmering blue altar of Sif Muna.
  1885 | D:3      | Splashed by a jelly's acid

Illustrated notes

Levels and vault maps discovered:
D:1:      scummos_arrival_checkerplants, layout_loops_ring,
          chequers_serial_rivers_micro_a
D:2:      layout_basic
D:3:      cheibrodos_fertilizer, layout_basic, hangedman_decor_peaks_small,
          hellmonk_no_cap, uniq_jessica, uniq_sigmund

Skill      XL: |  1  2  3  4  5 |
---------------+----------------+-----
Axes           | 4 5 6 7 8 |  8.9
Fighting       | |  3.6
Armour         | |  2.4
Dodging        | |  2.1

Action                     |  1- 3 |  4- 6 || total
---------------------------+-------+-------++-------
  Melee: Hand axe          |    54 |    52 ||   106
         Headbutt          |     4 |    15 ||    19
 Invoke: Berserk           |       |     1 ||     1
         Trog's Hand       |       |     1 ||     1
    Use: Scroll            |     6 |       ||     6
 Armour: Scale mail        |    31 |    34 ||    65
         Animal skin       |     1 |       ||     1
  Dodge: Dodged            |    32 |    29 ||    61
